 Dungeon Crawl Stone Soup version 0.25.0-1-g7eea58d2a3 (webtiles) character file.

Game seed: 6967420906416908071

10556 Esekla the Cutter (level 11, -2/50 HPs)
             Began as a Vine Stalker Chaos Knight on June 13, 2020.
             Was a Priest of Vehumet.
             Slain by Fannar
             ... wielding a +0 quarterstaff of freezing
              (4 damage)
             ... on level 10 of the Dungeon.
             The game lasted 01:41:19 (10654 turns).

Esekla the Cutter (Vine Stalker Chaos Knight)      Turns: 10654, Time: 01:41:19

Health: -2/50      AC: 14    Str: 16    XL:     11   Next: 64%
Magic:  0/22       EV: 14    Int:  9    God:    Vehumet [***...]
Gold:   750        SH:  5    Dex: 15    Spells: 10/23 levels left

rFire    . . .     SeeInvis .   l - +3 long sword
rCold    . . .     Gourm    .   (no shield)
rNeg     . . .     Faith    .   U - +0 steam dragon scales
rPois    +         Spirit   +   D - +0 helmet
rElec    .         Reflect  +   F - +1 cloak
rCorr    .         Harm     .   G - +1 pair of gloves
MR       +....                  g - +0 pair of boots {Stlth+}
Stlth    ++++......             L - amulet of reflection
HPRegen  0.56/turn              (no ring)
MPRegen  0.18/turn              (no ring)

@: no status effects
A: fangs 3, hooves 2, icy blue scales 1, dopey 2, frail 1, poison resistance,
regeneration 1, magic shield, antimagic bite, no potion heal 3, rot immunity
a: Renounce Religion


You were on level 10 of the Dungeon.
You worshipped Vehumet.
Vehumet was most pleased with you.
You were very hungry.

You visited 2 branches of the dungeon, and saw 12 of its levels.

You collected 750 gold pieces.

Inventory:

Hand Weapons
 a - the +2 war axe of Enyst {vorpal, Str+6}
   (You found it on level 7 of the Dungeon)

   It inflicts extra damage upon your enemies.
   It affects your strength (+6).
 l - a +3 long sword (weapon)
 p - a +2 spear of pain
 s - a +2 short sword of speed
 v - a +1 short sword of venom
 H - a cursed +4 great sword of freezing
 P - a +1 dagger of protection
 S - a +3 scimitar
Missiles
 m - 16 boomerangs
 n - 12 javelins
 t - 29 poisoned darts (quivered)
Armour
 g - a +0 pair of boots of stealth (worn)
 o - a +1 robe of magic resistance
 y - a +0 leather armour of fire resistance
 D - a +0 helmet (worn)
 F - a +1 cloak (worn)
 G - a +1 pair of gloves (worn)
 U - +0 steam dragon scales (worn)
Jewellery
 b - an uncursed ring of resist corrosion {unknown}
 j - an uncursed amulet of magic regeneration
 L - an amulet of reflection (around neck)
Wands
 x - a wand of digging (14)
 I - a wand of random effects (27)
 Q - a wand of paralysis (11)
Scrolls
 d - 4 scrolls of teleportation
 e - 2 scrolls of magic mapping
 f - 3 scrolls of remove curse
 h - 2 scrolls of amnesia {unknown}
 i - a scroll of fog {unknown}
 C - a scroll of vulnerability {unknown}
 E - a scroll of immolation {unknown}
 K - a scroll of fear {unknown}
 N - 3 scrolls of noise {unknown}
 O - a scroll of enchant weapon {unknown}
Potions
 k - 3 potions of curing
 q - 5 potions of haste
 r - a potion of cancellation
 u - a potion of flight {unknown}
 w - 5 potions of brilliance
 z - 2 potions of stabbing
 A - a potion of magic {unknown}
 B - a potion of heal wounds {unknown}
 J - a potion of mutation
 M - a potion of lignification {unknown}
 R - a potion of might
Comestibles
 c - 28 rations
 T - 2 chunks of flesh


   Skills:
 + Level 5.3 Fighting
 + Level 7.3(8.1) Short Blades
 * Level 5.0(6.9) Long Blades
 + Level 0.5 Polearms
 + Level 2.2 Throwing
 + Level 3.6 Armour
 + Level 4.0 Dodging
 + Level 6.1 Stealth
 * Level 6.9 Spellcasting
 * Level 4.0 Conjurations
 + Level 4.1 Translocations
 + Level 4.1 Fire Magic
 * Level 3.9 Air Magic
 * Level 4.1 Poison Magic
 + Level 0.4 Evocations


You had 10 spell levels left.
You knew the following spells:

 Your Spells              Type           Power        Failure   Level  Hunger
a - Apportation           Tloc           ##....       3%          1    None
b - Blink                 Tloc           N/A          5%          2    ##.....
c - Mephitic Cloud        Conj/Pois/Air  ##......     3%          3    ###....
d - Magic Dart            Conj           ##..         1%          1    None
e - Shock                 Conj/Air       ##..         1%          1    None
f - Conjure Flame         Conj/Fire      ##......     3%          3    ###....
v - Poisonous Vapours     Pois/Air       ##....       6%          2    ##.....

Your spell library contained the following spells:

 Spells                   Type           Power        Failure   Level  Hunger
 Inner Flame              Hex/Fire       #.......     7%          3    ###....
 Lesser Beckoning         Tloc           ##........   11%         3    ###....
 Summon Butterflies       Summ           #.......     21%         1    None
 Call Imp                 Summ           #.......     30%         2    ##.....
 Slow                     Hex            #.......     30%         2    ##.....
 Tukima's Dance           Hex            #.......     52%         3    ###....
 Freezing Cloud           Conj/Ice/Air   #.........   92%         6    #######
 Alistair's Intoxication  Tmut/Pois      #.......     94%         5    ######.
 Invisibility             Hex            #.......     100%        6    #######
 Ring of Flames           Chrm/Fire      #.........   100%        7    #######


Dungeon Overview and Level Annotations

Branches:
Dungeon (11/15)            Temple (1/1) D:4            Lair (0/6) D:10
    Orc (0/2) D:10

Altars:
Ashenzari
Cheibriados
Dithmenos
Elyvilon
Fedhas
Gozag
Hepliaklqana
Kikubaaqudgha
Makhleb
Nemelex Xobeh
Okawaru
Qazlal
Ru
Sif Muna
Trog
Uskayaw
Vehumet
Wu Jian
Xom
Yredelemnul
Zin
The Shining One

Annotations:
D:10 exclusion: oklob plant, Fannar


Innate Abilities, Weirdness & Mutations

You have razor-sharp teeth.
Your natural rate of healing is unusually fast.
When hurt, damage is shared between your health and your magic reserves.
Your bite disrupts and absorbs the magic of your enemies.
Potions cannot restore your health.
You are immune to rotting.
You have hoof-like feet.
You are partially covered in icy blue scales. (AC +2)
You are very dopey. (Int -4)
You are frail. (-10% HP)
Your system is resistant to poisons. (rPois)


Message History

Fannar completely misses you.
You riposte.
You barely miss Fannar. You bite Fannar, but do no damage.
Fannar is almost dead.
The ice beast misses you. x2
You miss Fannar.
Fannar is almost dead.
Fannar mumbles some strange words.
Fannar drains the heat from the surrounding environment!
You feel very cold.
Ouch! That really hurt!
* * * LOW HITPOINT WARNING * * *
Fannar is frozen.
Fannar resists.
The ice beast barely misses you. The ice beast closely misses you.
You hit Fannar.
Fannar is almost dead.
Fannar hits you with a +0 quarterstaff of freezing!
* * * LOW HITPOINT WARNING * * *
Fannar freezes you.
You die...
Xom chortles!

####.....................## #.
...#........=............# #.
.###..........########...# #.
.#............#..<.(.(...# #.
.#.#######....#......#...# #.
##.#.....#....'......#...#######.
...#..[..#....#......#...........
...#.....#....#.e....#...........
...#.....#..(.#.@....#...........
...'.....#....+YY....#...........
...#.....#....##'#####........###
...#######....................#
..............................
.....##########...........####
.....# #......... .....#
#......... ###### #.........


You could see Fannar (icy armour, very poisoned) and 2 ice beasts.

Vanquished Creatures
  Snorg (D:10)
  A two-headed ogre (D:9)
  Nergalle (D:10)
  A centaur zombie (D:8)
  Joseph (D:7)
  Maggie (D:10)
  A hornet (D:11)
  2 hippogriffs (D:11)
  Grinder (D:3)
  A spriggan (D:9)
  A hungry ghost (D:9)
  8 yaks
  4 sky beasts
  A phantom (D:4)
  5 orc warriors
  2 slaves
  2 ice beasts
  A necrophage (D:9)
  4 ogres
  5 centaurs
  A big kobold (D:9)
  Blork the orc (D:6)
  8 bullfrogs
  3 scorpions (D:9)
  4 killer bees (D:11)
  5 wights
  2 howler monkeys
  3 crimson imps
  A jelly (D:8)
  3 gnoll shamans (D:5)
  7 hounds
  Crazy Yiuf (D:4)
  3 bullfrog skeletons
  5 orc priests
  9 orc wizards
  A centaur skeleton (D:4)
  4 iguanas
  5 worker ants
  Robin (D:4)
  28 gnolls
  10 adders
  An adder skeleton (D:4)
  An adder zombie (D:6)
  2 worms
  3 dart slugs
  5 leopard geckos
  39 orcs
  10 giant cockroaches
  18 hobgoblins
  17 jackals
  14 kobolds
  6 quokkas
  A ball python (D:2)
  4 bats
  5 frilled lizards
  A giant cockroach zombie (D:5)
  13 goblins
  7 rats
  A rat zombie (D:7)
297 creatures vanquished.

Vanquished Creatures (collateral kills)
  Pikel (D:5)
  Sigmund (D:6)
  An orc warrior (D:6)
  A gnoll sergeant (D:5)
  An orc wizard (D:6)
  An iguana (D:6)
  2 worker ants (D:6)
  An adder (D:6)
  2 gnolls (D:5)
  2 orcs
13 creatures vanquished.

Vanquished Creatures (others)
  2 slaves (D:5)
  A bullfrog skeleton (D:4)
  A hound (D:4)
  An adder (D:11)
  A jackal (D:5)
  A kobold (D:9)
  2 fungi (D:4)
9 creatures vanquished.

Grand Total: 319 creatures vanquished

Notes
Turn   | Place    | Note
-------+----------+-------------------------------------------
     0 | D:1      | Esekla the Vine Stalker Chaos Knight began the quest for
                  | the Orb.
     0 | D:1      | Reached XP level 1. HP: 11/11 MP: 2/2
    24 | D:1      | XOM: butterfly on damage
    35 | D:1      | Reached XP level 2. HP: 7/16 MP: 3/3
    76 | D:1      | XOM: divination: detect creatures
   152 | D:2      | Found a shimmering blue altar of Sif Muna.
   331 | D:1      | XOM: silly message
   456 | D:1      | Reached skill level 1 in Dodging
   456 | D:1      | Reached XP level 3. HP: 15/20 MP: 3/5
   466 | D:1      | Reached skill level 1 in Spellcasting
   827 | D:2      | XOM: silly message
   974 | D:2      | XOM: give mutations
   974 | D:2      | Gained mutation: You are dopey. (Int -2) [Xom's mischief]
   974 | D:2      | Gained mutation: You are partially covered in icy blue
                  | scales. (AC +2) [Xom's mischief]
   974 | D:2      | Lost mutation: You are dopey. (Int -2) [Xom's mischief]
  1096 | D:2      | Gained mutation: Your natural rate of healing is unusually
                  | fast. [Vine Stalker growth]
  1096 | D:2      | Reached XP level 4. HP: 19/24 MP: 7/7
  1264 | D:2      | You fall into a shaft and drop 1 floor!
  1350 | D:3      | Noticed Grinder
  1359 | D:3      | XOM: blink monster(s)
  1367 | D:3      | Killed Grinder
  1367 | D:3      | Reached XP level 5. HP: 28/28 MP: 7/9
  1367 | D:3      | Reached XP level 6. HP: 32/32 MP: 7/10
  1501 | D:3      | XOM: give mutation
  1501 | D:3      | Gained mutation: You are robust. (+10% HP) [Xom's grace]
  1944 | D:3      | XOM: summons friendly ufetubus
  1987 | D:3      | Found a basalt altar of Yredelemnul.
  1987 | D:3      | Found a shadowy altar of Dithmenos.
  1994 | D:3      | Found a faded altar of an unknown god.
  1996 | D:3      | Found a faded altar of an unknown god.
  1998 | D:3      | Found a snail-covered altar of Cheibriados.
  2168 | D:3      | XOM: cloud trail
  2320 | D:2      | Reached skill level 1 in Short Blades
  2384 | D:2      | XOM: god gift: 20 gold pieces
  2482 | D:2      | XOM: scenery: create altars
  2499 | D:2      | XOM: scenery: create altars
  2695 | D:4      | XOM: noise
  2702 | D:4      | XOM: divine lightning
  2704 | D:4      | XOM: polymorph adder -> dart slug
  2753 | D:4      | Found a staircase to the Ecumenical Temple.
  2798 | D:4      | XOM: give mutation
  2798 | D:4      | Gained mutation: Your system is resistant to poisons.
                  | (rPois) [Xom's grace]
  3075 | D:4      | XOM is BORED!
  3075 | D:4      | XOM: summons 4 hostile shadow creatures
  3224 | Temple   | Entered the Ecumenical Temple
  3374 | D:4      | Noticed Robin
  3408 | D:4      | Killed Robin
  3408 | D:4      | Reached XP level 7. HP: 32/39 MP: 12/12
  3484 | D:4      | Found a runed translucent door.
  3485 | D:4      | Noticed Crazy Yiuf
  3492 | D:4      | Killed Crazy Yiuf
  3527 | D:4      | XOM: scenery: create altars
  3587 | D:4      | XOM: enchant monster (good)
  3589 | D:4      | Reached skill level 2 in Short Blades
  3786 | D:4      | XOM: scenery: create altars
  3873 | D:5      | Entered Level 5 of the Dungeon
  3873 | D:5      | Noticed Pikel
  3911 | D:4      | XOM: divination: detect creatures
  3926 | D:4      | XOM: give mutations
  3926 | D:4      | Gained mutation: You are mostly covered in icy blue scales.
                  | (AC +3) [Xom's grace]
  3926 | D:4      | Gained mutation: You have sharp toenails. [Xom's grace]
  4117 | D:5      | XOM: 1-stop teleportation journey
  4129 | D:5      | XOM: scenery: create altars
  4136 | D:5      | XOM: enchant monster (bad)
  4150 | D:5      | XOM: summons 5 friendly demons
  4157 | D:5      | XOM: cleaving
  4166 | D:5      | Killed Pikel
  4166 | D:5      | Reached skill level 3 in Short Blades
  4166 | D:5      | Gained mutation: You have razor-sharp teeth. [Vine Stalker
                  | growth]
  4166 | D:5      | Reached XP level 8. HP: 36/46 MP: 12/14
  4241 | D:5      | XOM: give mutations
  4241 | D:5      | Lost mutation: You are robust. (+10% HP) [Xom's mischief]
  4241 | D:5      | Lost mutation: You have sharp toenails. [Xom's mischief]
  4241 | D:5      | Gained mutation: You are dopey. (Int -2) [Xom's mischief]
  4241 | D:5      | Gained mutation: You are very dopey. (Int -4) [Xom's
                  | mischief]
  4291 | D:5      | Reached skill level 5 in Stealth
  4362 | D:5      | Reached skill level 4 in Short Blades
  4396 | D:5      | XOM: enchant monster (bad)
  4955 | D:5      | XOM: blink monster(s)
  5011 | D:5      | XOM: enchant monster (bad)
  5015 | D:5      | XOM: noise
  5036 | D:5      | XOM: noise
  5155 | D:6      | Noticed Sigmund
  5187 | D:6      | XOM: blink monster(s)
  5196 | D:6      | Reached XP level 9. HP: 45/45 MP: 17/17
  5199 | D:6      | XOM: 1-stop teleportation journey
  5219 | D:6      | Killed Sigmund
  5219 | D:6      | Reached skill level 5 in Short Blades
  5235 | D:6      | XOM: blink monster(s)
  5280 | D:6      | Reached skill level 5 in Spellcasting
  5304 | D:6      | Learned a level 2 spell: Blink
  5308 | D:6      | Learned a level 3 spell: Mephitic Cloud
  5312 | D:6      | Learned a level 3 spell: Conjure Flame
  5415 | Temple   | Fell from the grace of Xom
  5415 | Temple   | Became a worshipper of Vehumet
  5573 | D:6      | Found an ornate altar of the Wu Jian Council.
  5672 | D:5      | XOM: scenery: 4 doors close
  5724 | D:5      | XOM: draining
  5778 | D:6      | XOM: summons 5 hostile demons
  5779 | D:6      | Noticed a sun demon
  5871 | D:6      | Reached skill level 1 in Conjurations
  5909 | D:6      | Noticed Blork the orc
  5918 | D:6      | Killed Blork the orc
  6179 | D:7      | XOM: give mutations
  6179 | D:7      | Gained mutation: You are frail. (-10% HP) [Xom's mischief]
  6179 | D:7      | Lost mutation: You are mostly covered in icy blue scales.
                  | (AC +3) [Xom's mischief]
  6179 | D:7      | Gained mutation: You are very frail. (-20% HP) [Xom's
                  | mischief]
  6179 | D:7      | Lost mutation: You are very frail. (-20% HP) [Xom's
                  | mischief]
  6197 | D:7      | Reached skill level 1 in Poison Magic
  6250 | D:7      | Noticed Joseph
  6256 | D:7      | Killed Joseph
  6256 | D:7      | Reached skill level 1 in Translocations
  6256 | D:7      | Reached skill level 1 in Fire Magic
  6256 | D:7      | Reached skill level 1 in Air Magic
  6413 | D:7      | Reached skill level 6 in Short Blades
  6441 | D:7      | XOM: blink monster(s)
  6480 | D:7      | Reached * piety under Vehumet
  6480 | D:7      | Offered knowledge of Sandblast by Vehumet.
  6517 | D:7      | Got an ebony war axe
  6518 | D:7      | Identified the cursed +2 war axe of Enyst {vorpal, Str+6}
                  | (You found it on level 7 of the Dungeon)
  6845 | D:7      | Found an ancient bone altar of Kikubaaqudgha.
  7113 | D:8      | Reached XP level 10. HP: 43/45 MP: 19/19
  7166 | D:8      | Found a stormy altar of Qazlal.
  7246 | D:8      | XOM: give mutations
  7246 | D:8      | Gained mutation: You have large cloven feet. [Xom's
                  | mischief]
  7246 | D:8      | Lost mutation: You are frail. (-10% HP) [Xom's mischief]
  7246 | D:8      | Gained mutation: Your body sometimes deteriorates upon
                  | taking damage. [Xom's mischief]
  7246 | D:8      | Gained mutation: You have hoof-like feet. [Xom's mischief]
  7470 | D:8      | XOM: polymorph centaur -> sky beast
  7913 | D:9      | Reached skill level 7 in Short Blades
  7959 | D:9      | Offered knowledge of Shock by Vehumet.
  7964 | D:8      | Learned a level 1 spell: Shock
  7966 | D:8      | Learned a level 1 spell: Magic Dart
  8050 | D:8      | Reached skill level 5 in Fighting
  8101 | D:8      | Reached ** piety under Vehumet
  8150 | D:9      | Reached skill level 1 in Throwing
  8199 | D:9      | Found an opulent altar of Gozag.
  8276 | D:9      | Found a glowing golden altar of the Shining One.
  8346 | D:9      | Learned a level 2 spell: Poisonous Vapours
  8610 | D:9      | Learned a level 1 spell: Apportation
  8806 | D:10     | Entered Level 10 of the Dungeon
  8806 | D:10     | Noticed a two-headed ogre
  8817 | D:9      | Killed a two-headed ogre
  8845 | D:10     | Found a staircase to the Lair.
  8845 | D:10     | Noticed an oklob plant
  8848 | D:10     | Noticed Nergalle
  8848 | D:10     | Noticed Maggie
  8863 | D:10     | Killed Maggie
  8874 | D:10     | Killed Nergalle
  8874 | D:10     | Reached XP level 11. HP: 55/55 MP: 21/21
  9340 | D:11     | XOM: give mutations
  9340 | D:11     | Gained mutation: You are frail. (-10% HP) [Xom's mischief]
  9340 | D:11     | Lost mutation: Your body sometimes deteriorates upon taking
                  | damage. [Xom's mischief]
  9386 | D:11     | Offered knowledge of Static Discharge by Vehumet.
  9513 | D:11     | Reached *** piety under Vehumet
  9604 | D:11     | Noticed a cyan ugly thing
  9697 | D:10     | Noticed Snorg
  9812 | D:10     | Found a staircase to the Orcish Mines.
  9942 | D:10     | Offered knowledge of Inner Flame by Vehumet.
 10339 | D:10     | Noticed Fannar
 10445 | D:10     | Killed Snorg
 10445 | D:10     | Reached skill level 5 in Long Blades
 10654 | D:10     | HP: 2/50 [Fannar/+0 quarterstaff of freezing (8)]
 10654 | D:10     | Slain by Fannar

Illustrated notes

Levels and vault maps discovered:
D:1:      dpeg_arrival_simpleton_c, layout_rooms
D:2:      layout_loops_ring, overflow_temple_1_default, first_ration
D:3:      layout_basic, chequers_temple_overflow_minitemple, uniq_grinder
D:4:      layout_basic, minmay_temple_entry_ruins, uniq_crazy_yiuf_cottage,
          uniq_robin
D:5:      lemuel_castle_with_subvaults [lemuel_castle_interior_carwin_2],
          layout_loops_ring, uniq_pikel
D:6:      layout_basic, lemuel_doored_altar, uniq_blork_the_orc, uniq_sigmund
D:7:      layout_cave_pools, lemuel_zombie_altar_kikubaaqudgha, uniq_joseph
D:8:      layout_cave_pools, nicolae_qazlal_style_of_elements
D:9:      layout_rooms, kennysheep_mini_moat, minmay_misc_feat_iff, the_bakery,
          tso_altar
D:10:     layout_irregular_city, dpeg_oklobed_lair, erik_orc_3,
          grunt_decor_resistance, uniq_snorg, uniq_nergalle, uniq_maggie,
          uniq_fannar
D:11:     layout_basic, lemuel_nasty_fountain
Temple:   nicolae_temple_great_sept

Skill      XL: |  1  2  3  4  5  6  7  8  9 10 11 |
---------------+----------------------------------+-----
Long Blades    | 3 4 5 |  5.0
Fighting       | 3 4 5 |  5.3
Dodging        | 1 2 3 4 |  4.0
Spellcasting   | 1 2 3 4 5 6 |  6.9
Armour         | 2 3 |  3.6
Stealth        | 2 3 4 5 6 |  6.1
Short Blades   | 1 3 4 6 7 |  7.3
Conjurations   | 2 3 4 |  4.0
Poison Magic   | 2 3 4 |  4.1
Translocations | 1 3 4 |  4.1
Fire Magic     | 1 3 4 |  4.1
Air Magic      | 1 2 3 |  3.9
Throwing       | 2 |  2.2
Polearms       | |  0.5
Evocations     | |  0.4

Action                   |  1- 3 |  4- 6 |  7- 9 | 10-12 || total
-------------------------+-------+-------+-------+-------++-------
Melee: Falchion          |    71 |       |       |       ||    71
       Bite              |    25 |    49 |   121 |   119 ||   314
       Short sword       |     2 |   151 |   403 |   262 ||   818
       Spear             |       |       |       |    28 ||    28
       Long sword        |       |       |       |    73 ||    73
Throw: Dart              |       |       |     9 |    44 ||    53
       Boomerang         |       |       |       |     8 ||     8
 Cast: Blink             |       |       |     1 |    12 ||    13
       Conjure Flame     |       |       |       |     8 ||     8
       Mephitic Cloud    |       |       |       |    18 ||    18
       Poisonous Vapours |       |       |       |    25 ||    25
       Magic Dart        |       |       |       |     3 ||     3
       Apportation       |       |       |       |     3 ||     3
       Shock             |       |       |       |     2 ||     2
Evoke: Wand              |       |       |       |     9 ||     9
  Use: Scroll            |       |       |     8 |     6 ||    14
       Potion            |       |       |     1 |       ||     1
 Stab: Sleeping          |     3 |     7 |    19 |    11 ||    40
       Distracted        |     1 |       |       |     2 ||     3
       Paralysed         |       |       |     2 |     2 ||     4
       Confused          |       |       |       |    12 ||    12
  Eat: Chunk             |       |     6 |    14 |    16 ||    36
Armor: Leather armour    |    27 |    57 |   144 |    79 ||   307
       Steam dragon scal |       |       |       |    26 ||    26
Dodge: Dodged            |    49 |    96 |   220 |   150 ||   515
Block: Other             |       |       |     3 |    52 ||    55
       Reflection        |       |       |       |     4 ||     4
       Rpst.: Falchion   |    13 |       |       |       ||    13
       Long sword        |       |       |       |    16 ||    16
